 Dungeon Crawl Stone Soup version 0.30-a0-728-gc68057be0a (webtiles) character file.

Game seed: 15998592238398863569

1002 dialectric the Cudgeller (level 8, -3/48 HPs)
             Began as a Gargoyle Fighter on Jan 30, 2023.
             Slain by a gnoll
             ... wielding a +0 spear
              (6 damage)
             ... on level 5 of the Dungeon.
             The game lasted 00:05:16 (3737 turns).

dialectric the Cudgeller (Gargoyle Fighter)         Turns: 3737, Time: 00:05:17

Health: -3/48      AC: 12    Str: 22    XL:     8   Next: 20%
Magic:  8/8        EV: 10    Int:  9    God:
Gold:   246        SH:  6    Dex:  9    Spells: 7/7 levels left

rFire   . . .      SeeInvis +    q - +4 mace of Irrepressible Laughter {vamp, +Blink rC- Will- SInv}
rCold   x . .      Faith    .    m - +2 buckler
rNeg    + . .      Spirit   .    b - +0 scale mail
rPois   ∞          Reflect  .    (no helmet)
rElec   +          Harm     .    (no cloak)
rCorr   .          Rampage  .    (no gloves)
Will    .....                    (no boots) Stlth
                                 (no amulet)
HPRegen 0.28/turn                (no ring)
MPRegen 0.11/turn                (no ring)

@: mighty, marked
A: sickness immunity, AC +5, negative energy resistance 1, electricity
resistance, torment resistance 1, petrification resistance
a: Evoke Blink


You were on level 5 of the Dungeon.
You visited 1 branch of the dungeon, and saw 5 of its levels.
You also visited: Sewer.

You collected 246 gold pieces.

Inventory:

Hand Weapons
 a - a +0 long sword
 q - the +4 mace of Irrepressible Laughter (weapon) {vamp, +Blink rC- Will- SInv}
   (You found it on level 2 of the Dungeon)

   rC:        It makes you vulnerable to cold.
   SInv:      It lets you see invisible.
   +Blink:    It lets you blink.
   Will:      It decreases your willpower.
Missiles
 y - 2 throwing nets (quivered)
Armour
 b - a +0 scale mail (worn)
 c - a +0 buckler
 m - a +2 buckler (worn)
Wands
 p - a wand of charming (16)
Scrolls
 e - a scroll of enchant armour {unknown}
 f - a scroll of magic mapping
 g - a scroll of fog {unknown}
 j - 2 scrolls of vulnerability {unknown}
 k - 5 scrolls of identify
 n - a scroll of acquirement {unknown}
 s - a scroll of enchant weapon {unknown}
 v - a scroll of poison {unknown}
 w - a scroll of blinking {unknown}
 x - a scroll of torment {unknown}
Potions
 d - 2 potions of curing
 h - 3 potions of flight {unknown}
 i - a potion of lignification {unknown}
 l - a potion of ambrosia {unknown}
 o - 3 potions of heal wounds
 r - a potion of invisibility {unknown}
 u - a potion of resistance {unknown}


   Skills:
 - Level 4.0 Fighting
 - Level 2.3 Long Blades
 * Level 7.4 Maces & Flails
 + Level 4.6 Armour
 - Level 2.2 Dodging
 + Level 3.8 Shields


You had 7 spell levels left.
You didn't know any spells.
Your spell library was empty.

Dungeon Overview and Level Annotations

Branches:
Dungeon (5/15)              Sewer (visited)
 Temple: D:4-7

Altars:
Nemelex Xobeh

Shops:
D:4 [

Annotations:
D:5 Eustachio, Grinder


Innate Abilities, Weirdness & Mutations

You are immune to sickness and miasma.
Your stone body is resilient. (AC +5)
You are immune to poison.
You resist negative energy. (rN+)
You are resistant to electric shocks. (rElec)
You are resistant to unholy torment.
You are immune to petrification.


Message History

You block the scorpion's attack. The orc hits you with a +0 dagger.
The orc closely misses you. You block the orc's attack.
The necrophage hits you but does no damage.
The gnoll hits you but does no damage. The gnoll misses you.
Grinder misses you. The orc barely misses you.
The ufetubus hits you but does no damage. x2
The hound stops to sniff the ground.
The scorpion stings you.
Unknown command.
You closely miss Grinder.
Grinder is heavily wounded.
The ufetubus closely misses you.
The ufetubus hits you but does no damage.
The orc priest looks encouraged for a moment.
The orc barely misses you. You block the necrophage's attack.
The gnoll hits you with a +0 hand axe!
* * * LOW HITPOINT WARNING * * *
The gnoll hits you from afar with a +0 spear.
* * * LOW HITPOINT WARNING * * *
You block the orc's attack.
An orc comes into view. It is wielding a +0 war axe.
The orc closely misses you. Grinder hits you but does no damage.
The scorpion barely misses you.
The ufetubus hits you but does no damage.
The ufetubus hits you.
* * * LOW HITPOINT WARNING * * *
Unknown command.
You sock Grinder!
Grinder is severely wounded.
The orc hits you with a +0 dagger.
* * * LOW HITPOINT WARNING * * *
You block the orc's attack. Grinder barely misses you.
Eustachio casts a spell.
The orc hits you with a +0 club.
* * * LOW HITPOINT WARNING * * *
The necrophage hits you but does no damage.
The orc closely misses you. The gnoll hits you with a +0 hand axe.
* * * LOW HITPOINT WARNING * * *
The gnoll hits you from afar with a +0 spear.
You die...

#.....#.# ###.... #.#.
#.....#.# #......
..#.##.....#.#####......
................>#......
#'#..#####.#####.#.....#
..........## #.....#
.....g.@5..# #....)#
.....55ng5.# #.....#
.....Jo@5o.# #.....#
......oso.)# #(..###
##.....hoo.# #...#
#.....W...# #####
####......# #####...
#oo.. #..... #.....


You could see Eustachio, Grinder, a necrophage, a phantom, a scorpion, a hound,
a jelly, an iron imp (summoned), an orc priest, a quasit (summoned), 2 gnolls, a
shadow imp (summoned), 7 orcs and an ufetubus.

Vanquished Creatures
  Sigmund (D:4)
  Pargi (Sewer)
  A black bear (D:4)
  An ogre (D:4)
  2 phantoms (D:5)
  2 scorpions (D:5)
  An orc priest (D:4)
  2 iguanas
  An orc wizard (D:5)
  6 gnolls (D:5)
  A river rat (D:3)
  5 adders
  2 worms (D:4)
  A dart slug (D:4)
  9 orcs (D:4)
  4 ball pythons
  2 endoplasms
  5 giant cockroaches
  4 goblins
  10 hobgoblins
  4 jackals (D:1)
  A quokka (D:4)
  3 bats
  3 frilled lizards
  12 kobolds
  7 rats
91 creatures vanquished.

Notes
Turn   | Place    | Note
-------+----------+-------------------------------------------
     0 | D:1      | dialectric the Gargoyle Fighter began the quest for the
                  | Orb.
     0 | D:1      | Reached XP level 1. HP: 14/14 MP: 1/1
    65 | D:1      | Reached XP level 2. HP: 9/19 MP: 2/2
   597 | D:1      | Reached XP level 3. HP: 24/24 MP: 3/3
   615 | D:1      | Found a faded altar of an unknown god.
  1176 | D:2      | Identified the +4 mace of Irrepressible Laughter {vamp,
                  | +Blink rC- Will- SInv}
  1661 | D:3      | Found a glowing drain.
  1696 | Sewer    | Entered a sewer
  1719 | Sewer    | Noticed Pargi
  1735 | Sewer    | Killed Pargi
  1736 | Sewer    | Reached skill level 2 in Maces & Flails
  1736 | Sewer    | Reached skill level 1 in Dodging
  1736 | Sewer    | Reached XP level 4. HP: 29/29 MP: 4/4
  1736 | Sewer    | Reached XP level 5. HP: 33/33 MP: 5/5
  1939 | D:3      | Found a sparkling altar of Nemelex Xobeh.
  2622 | D:4      | Noticed Sigmund
  2631 | D:4      | Killed Sigmund
  2632 | D:4      | Reached skill level 4 in Maces & Flails
  2632 | D:4      | Reached XP level 6. HP: 34/38 MP: 6/6
  2714 | D:4      | Noticed a black bear
  2733 | D:4      | Killed a black bear
  2734 | D:4      | Reached skill level 5 in Maces & Flails
  2734 | D:4      | Reached XP level 7. HP: 41/43 MP: 7/7
  2812 | D:4      | HP: 2/43 [ogre/+0 giant spiked club (25)]
  3026 | D:4      | Found Fetzurycoa's Antique Armour Emporium.
  3227 | D:4      | Reached skill level 6 in Maces & Flails
  3429 | D:5      | Entered Level 5 of the Dungeon
  3554 | D:5      | Reached XP level 8. HP: 42/48 MP: 8/8
  3574 | D:5      | Reached skill level 7 in Maces & Flails
  3718 | D:5      | Noticed Grinder
  3721 | D:5      | Paralysed by Grinder for 4 turns
  3727 | D:5      | Noticed Eustachio
  3737 | D:5      | Slain by a gnoll

Illustrated notes

Levels and vault maps discovered:
D:1:      psy_arrival_basics, layout_basic, basic_ecumenical_altar
D:2:      layout_loops_ring, kennysheep_generic_room_2
D:3:      layout_loops_corners, nicolae_overflow_hidden_temple,
          portal_sewer_entry_a
D:4:      layout_loops_ring, serial_shops, shop, uniq_sigmund
D:5:      layout_basic, vehumet_statue, uniq_grinder, uniq_duvessa,
          uniq_eustachio

Skill      XL: |  1  2  3  4  5  6  7  8 |
---------------+-------------------------+-----
Long Blades    | 2 |  2.3
Fighting       | 4 |  4.0
Armour         | 4 |  4.6
Maces & Flails | 2 4 5 6 7 |  7.4
Dodging        | 1 2 |  2.2
Shields        | |  3.8

Action                     |  1- 3 |  4- 6 |  7- 9 || total
---------------------------+-------+-------+-------++-------
  Melee: Long sword        |   116 |       |       ||   116
         Mace              |    35 |    68 |   142 ||   245
         Punch             |     1 |       |       ||     1
    Use: Potion            |     2 |       |     2 ||     4
         Scroll            |     1 |     1 |       ||     2
 Armour: Scale mail        |   121 |    35 |    89 ||   245
  Dodge: Dodged            |    98 |    31 |   100 ||   229
  Block: Buckler           |    17 |    16 |    63 ||    96

Table legend: (Time is in decaauts)
 A = Elapsed time spent in this place.
 B = Non-inter-level travel time spent in this place.
 C = Inter-level travel time spent in this place.
 D = Time resting spent in this place.
 E = Time spent auto-exploring this place.
 F = Levels seen in this place.
 G = Mean time per level.
                   A        B        C        D        E       F      G
               +--------+--------+--------+--------+--------+-----+--------+
         Total |   3825 |   3679 |    146 |    152 |   2589 |   6 |  637.5 |
       Dungeon |   3668 |   3522 |    146 |    152 |   2502 |   5 |  733.6 |
         Sewer |    157 |    157 |      0 |      0 |     87 |   1 |  157.0 |
               +--------+--------+--------+--------+--------+-----+--------+

Top non-repeatable levels by time:
     D:3: 898 daAuts
     D:1: 869 daAuts
     D:4: 841 daAuts
     D:2: 743 daAuts
     D:5: 315 daAuts
   Sewer: 157 daAuts
